 Dungeon Crawl Stone Soup version 0.25-a0-294-gea9b1ad378 (webtiles) character file.

Game seed: 1649321459561681966, levelgen mode: deterministic

2 Anathary the Skirmisher (level 1, 0/21 HPs)
             Began as a Naga Fighter on Dec 17, 2019.
             Slain by a giant cockroach (2 damage)
             ... on level 1 of the Dungeon.
             The game lasted 00:00:17 (20 turns).

Anathary the Skirmisher (Naga Fighter)                Turns: 20, Time: 00:00:18

Health: 0/21       AC:  3    Str: 18    XL:     1   Next: 40%
Magic:  1/1        EV:  5    Int:  8    God:
Gold:   0          SH:  8    Dex: 10    Spells: 0/0 levels left

rFire    . . .     SeeInvis +   a - +0 trident
rCold    . . .     Gourm    .   c - +0 shield
rNeg     . . .     Faith    .   b - +0 scale mail
rPois    +         Spirit   .   (no helmet)
rElec    .         Reflect  .   (no cloak)
rCorr    .         Harm     .   (no gloves)
MR       .....                  (no barding)
Stlth    ..........             (no amulet)
HPRegen  0.07/turn              (no ring)
MPRegen  0.07/turn              (no ring)

@: very slow
A: large, see invisible, deformed body, poison resistance, slowness 2, slow
metabolism 1, spit poison 1, AC +0
a: Spit Poison


You were on level 1 of the Dungeon.
You were not hungry.

You visited 1 branch of the dungeon, and saw 1 of its levels.

Inventory:

Hand Weapons
 a - a +0 trident (weapon)
Armour
 b - a +0 scale mail (worn)
 c - a +0 shield (worn)
Scrolls
 e - a scroll of magic mapping {unknown}
Potions
 d - a potion of might
Comestibles
 f - a ration


   Skills:
 + Level 3.0 Fighting
 + Level 2.0 Polearms
 + Level 2.4 Armour
 + Level 2.4 Shields


You couldn't memorise any spells.
You didn't know any spells.
Your spell library was empty.

Dungeon Overview and Level Annotations

Branches:
Dungeon (1/15)

Altars:


Innate Abilities, Weirdness & Mutations

You cannot wear boots.
Your serpentine skin is tough. (AC +0)
You have supernaturally acute eyesight. (SInv)
Armour fits poorly on your strangely shaped body.
Your system is resistant to poisons. (rPois)
You cover ground very slowly.
You have a slow metabolism.
You can spit poison.


Message History

You hit the hobgoblin.
The hobgoblin is almost dead.
The giant cockroach waves its antennae.
The giant cockroach closely misses you.
The hobgoblin hits you with a +0 club. x2
You hit the hobgoblin.
You kill the hobgoblin!
The giant cockroach bites you but does no damage.
You block the hobgoblin's attack. The giant cockroach bites you.
* * * LOW HITPOINT WARNING * * *
The giant cockroach bites you but does no damage.
The giant cockroach bites you.
* * * LOW HITPOINT WARNING * * *
Things that are here:
a scroll labeled KAINUH DONN; an onyx ring You closely miss the hobgoblin.
The hobgoblin hits you with a +0 club.
* * * LOW HITPOINT WARNING * * *
The giant cockroach barely misses you.
Your shield and scale mail prevent you from hitting the giant cockroach.
You block the hobgoblin's attack. The giant cockroach bites you.
You die...

. . ...... .
..###.#######.####..
......#.....#.......
......#^.<..#.......
#.#.#.....#......#.
......#.....#........
......##'''##........
....#.........##.....
.....####..#@#.......
... #....gs....... .
.....#.)........
...##.#...#......
.... #.#..##.?....
### ...... .....
#.#.... ..... ..#..#
...# .. .... .#.#


You could see a giant cockroach and a hobgoblin.

Vanquished Creatures
  2 hobgoblins (D:1)
2 creatures vanquished.

Notes
Turn   | Place    | Note
-------+----------+-------------------------------------------
     0 | D:1      | Anathary the Naga Fighter began the quest for the Orb.
     0 | D:1      | Reached XP level 1. HP: 21/21 MP: 1/1
    20 | D:1      | Slain by a giant cockroach

Levels and vault maps discovered:
D:1:      dpeg_arrival_windows_large_door, layout_rooms

Action                   || total
-------------------------++-------
Melee: Trident           ||     9
Armor: Scale mail        ||     5
Dodge: Dodged            ||     3
Block: Shield            ||     5

Table legend:
 A = Non-vault XP
 B = Vault XP
 C = Vault XP percentage of total XP
 D = Non-vault monster count
 E = Vault monster count
 F = Vault count percentage of total count
                 A         B        C        D         E       F
            +---------+---------+-------+---------+---------+-------
      Total |       4 |       0 |   0.0 |       2 |       0 |   0.0
            +---------+---------+-------+---------+---------+-------
        D:1 |       4 |       0 |   0.0 |       2 |       0 |   0.0
            +---------+---------+-------+---------+---------+-------
